 Dungeon Crawl Stone Soup version 0.30.0-17-ge0270778cf (webtiles) character file.

Game seed: 10045359881290781524

224 gelatine the Digger (level 5, 0/37 HPs)
             Began as a Demonspawn Earth Elementalist on May 21, 2023.
             Slain by Pikel
             ... wielding a +2 whip of freezing
              (2 damage)
             ... on level 4 of the Dungeon.
             The game lasted 00:08:54 (3321 turns).

gelatine the Digger (Demonspawn Earth Elementalist) Turns: 3321, Time: 00:08:54

Health: 0/37       AC:  7    Str: 13 (14) XL:     5   Next: 67%
Magic:  0/10       EV: 12    Int: 23 (24) God:
Gold:   218        SH:  0    Dex: 12 (13) Spells: 5/11 levels left

rFire   . . .        f - +2 short sword (speed)
rCold   . . .        (no shield)
rNeg    + . .        a - +0 robe
rPois   +            h - +0 helmet
rElec   +            t - +1 cloak {rPois}
rCorr   .            (no gloves)
SInv    .            q - +0 pair of boots
Will    .....        (no amulet)
Stlth   ++           k - ring "Ceberelepn" {rElec rN+ Str+6 Int+5}
HPRegen 0.26/turn    v - ring of wizardry
MPRegen 0.12/turn

%: wizardry (x1)
@: attractive
A: rugged brown scales 1, foul stench 1, weakness stinger 1
a: no special abilities


You were on level 4 of the Dungeon.
You visited 1 branch of the dungeon, and saw 4 of its levels.

You collected 218 gold pieces.

Inventory:

Hand Weapons
 d - a +0 club
 e - a +0 whip
 f - a +2 short sword of speed (weapon)
Armour
 a - a +0 robe (worn)
 h - a +0 helmet (worn)
 q - a +0 pair of boots (worn)
 t - a +1 cloak of poison resistance (worn)
 x - a +0 tower shield
Jewellery
 c - a ring of magical power
 k - the ring "Ceberelepn" (left hand) {rElec rN+ Str+6 Int+5}
   (You found it on level 2 of the Dungeon)

   [ring of strength]

   Str:       It affects your strength (+6).
   Int:       It affects your intelligence (+5).
   rElec:     It insulates you from electricity.
   rN:        It protects you from negative energy.
 l - a +6 ring of strength
 p - a ring of positive energy
 v - a ring of wizardry (right hand)
Scrolls
 i - a scroll of silence {unknown}
 j - 4 scrolls of teleportation {unknown}
 m - 2 scrolls of poison {unknown}
 n - 3 scrolls of torment {unknown}
 o - a scroll of vulnerability {unknown}
Potions
 b - a potion of magic
 g - a potion of curing
 s - a potion of haste {unknown}
 u - a potion of degeneration
 w - a potion of resistance {unknown}
 z - a potion of heal wounds {unknown}


   Skills:
 * Level 0.5 Fighting
 + Level 0.2 Short Blades
 * Level 2.4 Dodging
 + Level 2.0 Stealth
 * Level 3.9 Spellcasting
 * Level 0.9 Conjurations
 * Level 1.2 Transmutations
 * Level 3.9 Earth Magic


You had 5 spell levels left.
You knew the following spells:

 Your Spells              Type           Power      Damage    Failure   Level
a - Sandblast             Erth           44%        2d11      1%          1
b - Stone Arrow           Conj/Erth      30%        3d8       4%          3
c - Passwall              Tmut/Erth      13%        N/A       2%          2

Your spell library contained the following spells:

 Spells                   Type           Power      Damage    Failure   Level
 Freeze                   Ice            16%        1d4       4%          1
 Hailstorm                Conj/Ice       6%         3d4       11%         3
 Frozen Ramparts          Ice            8%         1d2       13%         3
 Inner Flame              Hex/Fire       4%         N/A       13%         3
 Petrify                  Tmut/Erth      16%        N/A       16%         4
 Yara's Violent Unravell  Hex/Tmut       3%         3d4       65%         5
 Enfeeble                 Hex            2%         N/A       100%        7


Dungeon Overview and Level Annotations

Branches:
Dungeon (4/15)
 Temple: D:4-7

Altars:

Annotations:
D:4 Pikel


Innate Abilities, Weirdness & Mutations

You are partially covered in rugged brown scales. (AC +1, +3% HP)
You may rarely emit foul miasma when damaged in melee.
You have a small tail.


Message History

The slug dart hits you.
You hit the dart slug.
You kill the dart slug!
Casting: Stone Arrow (dangerous; 4% risk of failure)
Confirm with . or Enter, or press ? or * to list all spells.
Aiming: Sandblast (safe; 1% risk of failure)
Press: ? - help, Shift-Dir - straight line, f - Pikel
Aim: Pikel, wielding a +2 whip of freezing and wearing a +0 robe (79% to hit)
The blast of sand misses Pikel.
Pikel hits you with a +2 whip of freezing!
Pikel freezes you.
Casting: Sandblast (safe; 1% risk of failure)
Confirm with . or Enter, or press ? or * to list all spells.
Aiming: Stone Arrow (dangerous; 4% risk of failure)
Press: ? - help, Shift-Dir - straight line, f/p - Pikel
Aim: Pikel, wielding a +2 whip of freezing and wearing a +0 robe (60% to hit)
The stone arrow misses Pikel.
Pikel hits you with a +2 whip of freezing.
Pikel freezes you.
* * * LOW HITPOINT WARNING * * *
You barely miss Pikel. You tail-slap Pikel, but do no damage.
Pikel hits you with a +2 whip of freezing.
* * * LOW HITPOINT WARNING * * *
Pikel freezes you.
* * * LOW HITPOINT WARNING * * *
It was a potion of curing.
You feel better.
Pikel hits you with a +2 whip of freezing!
* * * LOW HITPOINT WARNING * * *
Pikel freezes you.
* * * LOW HITPOINT WARNING * * *
It was a potion of degeneration.
There was something very wrong with that liquid.
You feel weakened.
You feel dopey.
You feel clumsy. Pikel barely misses you.
It was a potion of attraction.
You feel attractive to monsters.
Pikel hits you with a +2 whip of freezing.
* * * LOW HITPOINT WARNING * * *
Pikel freezes you.
You die...

#.#.
.#.###.#.....#
.###.
.###...###...##
. #
#....(#.###.#
#...#...#...# .
# #.. #####...#
# . #. #...# .#
. ##
#.....#.###.#
.###.
##...###...##
#.#. #.###
#.@K..# ...# .
#...#†..#..#
...#####
..#...##### ...
.).#...#...#..
. #.#.....# ##.
.###...###. .
..#.###.#. ..
.#...# ..#
##...# ..# #


You could see Pikel.

Vanquished Creatures
  3 lemures (D:4)
  A jelly (D:4)
  2 hounds (D:4)
  An iguana (D:4)
  4 adders
  4 worms
  2 dart slugs
  3 orcs
  6 ball pythons
  6 endoplasms
  3 giant cockroaches
  5 goblins
  2 hobgoblins
  2 quokkas (D:4)
  6 bats
  2 frilled lizards
  5 kobolds
  4 rats
61 creatures vanquished.

Notes
Turn   | Place    | Note
-------+----------+-------------------------------------------
     0 | D:1      | gelatine the Demonspawn Earth Elementalist began the quest
                  | for the Orb.
     0 | D:1      | Reached XP level 1. HP: 13/13 MP: 3/3
   253 | D:1      | Gained mutation: You have a small tail. [demonic ancestry]
   253 | D:1      | Reached XP level 2. HP: 19/19 MP: 1/5
   850 | D:2      | Identified the ring "Ceberelepn" {rElec rN+ Str+6 Int+5}
  1280 | D:2      | Gained mutation: You are partially covered in rugged brown
                  | scales. (AC +1, +3% HP) [demonic ancestry]
  1280 | D:2      | Reached XP level 3. HP: 19/24 MP: 1/6
  1515 | D:3      | Learned a level 3 spell: Stone Arrow
  1753 | D:3      | Reached XP level 4. HP: 30/30 MP: 6/8
  2390 | D:4      | Reached skill level 1 in Transmutations
  2411 | D:4      | Gained mutation: You may rarely emit foul miasma when
                  | damaged in melee. [demonic ancestry]
  2411 | D:4      | Reached XP level 5. HP: 11/37 MP: 1/10
  2613 | D:4      | Noticed a lemure
  2782 | D:4      | Learned a level 2 spell: Passwall
  2957 | D:4      | Noticed a lemure
  2978 | D:4      | Killed a lemure
  3007 | D:4      | Killed a lemure
  3276 | D:4      | Noticed a lemure
  3310 | D:4      | Killed a lemure
  3313 | D:4      | Noticed Pikel
  3321 | D:4      | Slain by Pikel

Illustrated notes

Levels and vault maps discovered:
D:1:      ncdulo_smallfort, layout_basic
D:2:      layout_loops_ring, dk_noncrumbling_4, minmay_unequal
D:3:      layout_basic
D:4:      nicolae_cairo_tiling, layout_rooms, minmay_misc_feat_more_columns,
          uniq_pikel

Skill      XL: |  1  2  3  4 |
---------------+-------------+-----
Dodging        | 2 |  2.4
Earth Magic    | 3 |  3.9
Stealth        | 2 |  2.0
Spellcasting   | 3 |  3.9
Transmutations | 1 |  1.2
Fighting       | |  0.5
Short Blades   | |  0.2
Conjurations   | |  0.9

Action                     |  1- 3 |  4- 6 || total
---------------------------+-------+-------++-------
  Melee: Unarmed           |     3 |       ||     3
         Club              |     1 |       ||     1
         Short sword       |     9 |    88 ||    97
         Tailslap          |       |     9 ||     9
         Punch             |       |     2 ||     2
   Cast: Sandblast         |    42 |    13 ||    55
         Stone Arrow       |       |    27 ||    27
    Use: Potion            |       |     3 ||     3
 Armour: Robe              |     5 |    17 ||    22
  Dodge: Dodged            |    14 |    42 ||    56
